 Dungeon Crawl Stone Soup version 0.23.2-30-g0e89c35 (webtiles) character file.

Game seed: 18281149595104275722

28 Fortress the Firebug (level 3, -5/24 HPs)
             Began as a Demonspawn Fire Elementalist on June 11, 2019.
             Slain by a wight
             ... wielding a +0 quarterstaff
              (13 damage)
             ... on level 1 of the Dungeon.
             The game lasted 00:03:22 (836 turns).

Fortress the Firebug (Demonspawn Fire Elementalist)  Turns: 836, Time: 00:03:22

Health: -5/24      AC:  2    Str:  8    XL:     3   Next: 0%
Magic:  0/6        EV: 14    Int: 17    God:
Gold:   67         SH:  0    Dex: 13    Spells: 5/6 levels left

rFire    . . .     SeeInvis .   (no weapon)
rCold    . . .     Gourm    .   (no shield)
rNeg     . . .     Faith    .   a - +0 robe
rPois    .         Spirit   .   (no helmet)
rElec    .         Reflect  .   (no cloak)
rCorr    .         Harm     .   (no gloves)
MR       .....                  (no boots)
Stlth    ++........             (no amulet)
HPRegen  0.08/turn              (no ring)
MPRegen  0.10/turn              (no ring)

@: drained
A: repulsion field 1
a: no special abilities


You were on level 1 of the Dungeon.
You were not hungry.

You visited 1 branch of the dungeon, and saw 2 of its levels.

You collected 67 gold pieces.

Inventory:

Armour
 a - a +0 robe (worn)
Jewellery
 i - a +6 ring of dexterity {unknown}
Scrolls
 e - 2 scrolls of remove curse {unknown}
 f - 2 scrolls of enchant armour {unknown}
 h - a scroll of teleportation {unknown}
Potions
 b - a potion of heal wounds {unknown}
 d - a potion of mutation {unknown}
 g - a potion of resistance {unknown}
Comestibles
 c - 4 rations


   Skills:
 + Level 1.8(1.0) Dodging
 - Level 2.0(1.2) Stealth
 + Level 2.1(1.3) Spellcasting
 + Level 1.7(0.9) Conjurations
 + Level 3.2(2.4) Fire Magic


You had 5 spell levels left.
You knew the following spells:

 Your Spells              Type           Power        Failure   Level  Hunger
a - Flame Tongue          Conj/Fire      #....        11%         1    ##.....

Your spell library contained the following spells:

 Spells                   Type           Power        Failure   Level  Hunger
 Throw Flame              Conj/Fire      #.....       16%         2    ###....
 Conjure Flame            Conj/Fire      #.......     30%         3    ####...
 Inner Flame              Hex/Fire       #.......     36%         3    ####...
 Sticky Flame             Conj/Fire      #.......     71%         4    #####..
 Fireball                 Conj/Fire      #.........   96%         5    ######.


Dungeon Overview and Level Annotations

Branches:
Dungeon (2/15)

Altars:

Annotations:
D:2 Sigmund


Innate Abilities, Weirdness & Mutations

You are surrounded by a mild repulsion field. (EV +2)


Message History

The wight closely misses you.
Casting: Flame Tongue (safe; 8% risk of failure)
Confirm with . or Enter, or press ? or * to list all spells.
Aiming: Flame Tongue (safe; 8% risk of failure)
Press: ? - help, Shift-Dir - straight line, f/p - wight
Aim: a wight, wielding a +0 quarterstaff and wearing a +0 robe (moderately damaged)
The flame tongue misses the wight.
The wight misses you.
You hit the wight but do no damage.
The wight is moderately damaged.
The wight hits you with a +0 quarterstaff.
You feel drained.
You hit the wight but do no damage.
The wight is moderately damaged.
The wight hits you with a +0 quarterstaff.
You feel drained.
You hit the wight but do no damage.
The wight is moderately damaged.
The wight hits you with a +0 quarterstaff!
Ouch! That really hurt!
You die...

##.###..............# #.#
..............†...##### #.#
.#.###.##.##..........###†#
........#.##.########.....#
..........##.# ####### ##
.........###.# #.
..####...###.# ##.
..####.#..##.# #### ##..
....############@<##########
#.#.
#...#...........z..........#
##..
#####...##..##......##..##.#
#.. #......................#
#.. #...######......######.#
#.. #......................#
#.. #.####################.#
#.. #####..##.### #..# #..
#...........# #.## #.#


You could see a wight.

Vanquished Creatures
  2 oozes (D:1)
  A dart slug (D:1)
  A leopard gecko (D:1)
  A giant cockroach (D:1)
  2 goblins
  2 jackals (D:1)
  3 bats (D:1)
  3 frilled lizards
  2 rats (D:1)
17 creatures vanquished.

Notes
Turn   | Place    | Note
-------+----------+-------------------------------------------
     0 | D:1      | Fortress the Demonspawn Fire Elementalist began the quest
                  | for the Orb.
     0 | D:1      | Reached XP level 1. HP: 13/13 MP: 3/3
   274 | D:1      | Gained mutation: You are surrounded by a mild repulsion
                  | field. (EV +2) [demonic ancestry]
   274 | D:1      | Reached XP level 2. HP: 19/19 MP: 3/5
   358 | D:1      | Reached skill level 3 in Fire Magic
   749 | D:2      | Noticed Sigmund
   810 | D:2      | Noticed a wight
   815 | D:2      | Reached XP level 3. HP: 24/24 MP: 2/6
   836 | D:1      | Slain by a wight

Skill      XL: |  1  2 |
---------------+-------+-----
Stealth        | 2 |  2.0
Fire Magic     | 3 |  3.2
Dodging        | |  1.8
Spellcasting   | |  2.1
Conjurations   | |  1.7

Action                   || total
-------------------------++-------
Melee: Unarmed           ||     9
 Cast: Flame Tongue      ||    34
 Stab: Sleeping          ||     2
Armor: Robe              ||     2
Dodge: Dodged            ||    10
